Map: Emerald City LE

Players

Massa

  • Race: Terran Terran
  • League: Platinum
  • Spawn Location: 5:00

qqq

  • Race: Zerg Zerg
  • League: Platinum
  • Spawn Location: 5:00

ShaFaX - Winner!

  • Race: Zerg Zerg
  • League: Platinum
  • Spawn Location: 11:00

Freeman - Winner!

  • Race: Terran Terran
  • League: Diamond
  • Spawn Location: 11:00

VOD

Have the link to the VOD?

Description

Time

  • Played on: Nov. 21, 2020, 8:51 a.m.
  • Length: 12:42
Show
View Real Time Build Order
Export as new Build Order

Massa Terran 

Build Orders: Gas First Reaper Expand 

Get SALT Encoding   

  12  0:00  SCV  
  13  0:12  SCV  
  14  0:23  Supply Depot  
  14  0:25  SCV  
  15  0:29  Refinery  
  15  0:45  SCV  
  15  0:46  Barracks  
  16  0:57  SCV  
  17  1:09  SCV  
  18  1:21  SCV  
  19  1:33  Reaper  
  19  1:35  Orbital Command  
  20  1:46  Command Center  
  20  2:01  SCV  
  20  2:06  Marine  
  22  2:10  Supply Depot  
  22  2:14  Factory  
  22  2:15  SCV  
  23  2:24  Barracks Reactor  
  23  2:31  SCV  
  23  2:33  Supply Depot  
  24  2:43  SCV  
  25  2:55  SCV  
  26  3:03  Orbital Command  
  26  3:06  Marine x2  
  26  3:07  SCV  
  26  3:12  Bunker  
  30  3:20  SCV  
  30  3:24  Marine x2  
  30  3:37  Factory Tech Lab  
  30  3:41  Marine  
  30  3:42  Marine  
  31  3:57  Siege Tank  
  31  3:59  Marine  
  31  4:00  Marine  
  36  4:03  Command Center  
  36  4:17  Marine  
  36  4:18  Marine  
  38  4:29  SCV x2, Siege Tank  
  43  4:40  Marine x2  
  43  4:41  SCV x2  
  43  4:45  Starport  
  47  4:47  Engineering Bay  
  47  4:50  Barracks  
  47  4:53  Barracks  
  47  4:57  Refinery  
  47  4:58  Marine x2  
  47  5:20  SCV x3  
  50  5:28  Siege Tank  
  51  5:32  SCV  
  52  5:41  Barracks Tech Lab, Marine x2  
  55  5:44  Barracks Tech Lab  
  54  5:56  SCV  
  54  5:57  SCV x2  
  57  5:58  Marine  
  57  6:02  Siege Tank  
  57  6:03  Marine  
  62  6:09  SCV x3  
  65  6:21  SCV  
  66  6:27  Starport Reactor, Missile Turret  
  66  6:33  Refinery  
  66  6:35  Refinery  
  66  6:37  Missile Turret  
  66  6:57  Cyclone  
  69  7:16  Supply Depot  
  69  7:17  Supply Depot  
  69  7:19  Stimpack, Supply Depot x2  
  69  7:20  Supply Depot  
  69  7:38  SCV, Marine x3, Medivac, Viking  
  69  7:39  SCV, Marine  
  69  7:43  Supply Depot  
  79  7:50  SCV  
  79  7:51  SCV  
  79  7:55  Marine x3  
  79  7:56  Marine  
  83  8:03  SCV  
  84  8:13  Marine x3  
  84  8:14  Marine  
  84  8:17  SCV x3  
  91  8:28  Missile Turret  
  91  8:29  SCV x2  
  91  8:31  Marine x3  
  91  8:32  Marine  
  91  8:33  Planetary Fortress  
  97  8:41  SCV x2  
  99  8:49  Missile Turret  
  99  8:53  SCV  
  100  9:00  Siege Tank  
  103  9:11  Terran Infantry Weapons Level 1  
  103  9:12  Combat Shield  
  103  9:15  Marauder x2  
  103  9:16  Marine  
  108  9:17  Marine  
  109  9:28  Command Center  
  109  9:34  Marine, Sensor Tower  
  109  9:35  Marine  
  109  9:37  Barracks, Marauder x2  
  115  9:45  Barracks  
  115  9:46  Factory  
  115  9:51  Armory  
  115  9:52  Marine x2  
  117  10:09  Missile Turret  
  117  10:11  Missile Turret  
  117  10:16  SCV  
  117  10:17  SCV  
  117  10:18  Marine  
  117  10:33  Barracks  
  117  10:39  Marine x2  
  117  10:40  SCV x3, Marauder x2  
  126  10:45  Missile Turret  
  126  10:52  SCV x3  
  129  10:58  Supply Depot x2  
  129  10:59  Supply Depot x2  
  129  11:01  Marauder, Supply Depot  
  129  11:03  Marauder  
  129  11:04  SCV  
  132  11:08  SCV x2  
  120  11:20  SCV  
  120  11:22  Supply Depot x2  
  120  11:23  Marauder, Supply Depot x2  
  120  11:24  Marauder  
  99  11:26  Supply Depot  
  78  11:33  Marine  
  78  11:34  Siege Tank  
  74  11:43  Barracks Reactor, Barracks Tech Lab  
  74  11:45  Supply Depot x2  
  74  11:46  Marauder  
  74  11:47  Command Center  
  74  11:50  Factory Tech Lab  
  70  11:56  Marine  
  70  11:57  Marine  
  73  12:07  Marauder  
  72  12:14  Marine  
  72  12:15  Marine  
Show
View Real Time Build Order
Export as new Build Order

qqq Zerg 

Build Orders: Hatch First 

Get SALT Encoding   

  12  0:02  Drone  
  13  0:12  Drone  
  14  0:32  Overlord  
  14  0:46  Hatchery  
  13  0:50  Drone  
  14  0:59  Drone  
  14  1:00  Drone  
  14  1:03  Drone  
  17  1:12  Drone  
  18  1:27  Drone  
  18  1:30  Extractor  
  18  1:31  Spawning Pool  
  17  1:37  Drone  
  18  1:53  Drone  
  20  2:01  Drone  
  20  2:03  Drone, Extractor  
  20  2:11  Overlord  
  20  2:13  Drone  
  21  2:18  Queen  
  21  2:20  Queen  
  21  2:22  Drone  
  26  2:26  Zergling x2  
  27  2:30  Drone  
  27  2:33  Metabolic Boost  
  27  2:35  Zergling x2  
  29  2:40  Overlord  
  29  2:43  Drone  
  30  2:48  Zergling x2  
  31  2:52  Drone  
  32  3:00  Zergling x2  
  34  3:12  Zergling x2  
  34  3:13  Drone  
  34  3:14  Zergling x2  
  34  3:29  Zergling x2  
  34  3:30  Zergling x2  
  35  3:40  Zergling x4  
  37  3:51  Zergling x8  
  37  3:54  Drone  
  37  3:55  Drone  
  43  3:59  Lair  
  43  4:00  Baneling Nest  
  42  4:07  Drone  
  43  4:22  Hatchery, Zergling x2  
  43  4:23  Overlord  
  43  4:24  Overlord x3  
  43  4:34  Extractor  
  42  4:41  Drone  
  42  4:42  Overlord  
  42  4:43  Zergling x4  
  42  4:44  Drone x3, Zergling x2  
  49  4:46  Baneling  
  49  4:47  Baneling x3  
  49  4:53  Baneling  
  49  4:54  Baneling  
  38  5:14  Zergling x6  
  38  5:15  Drone, Zergling x2  
  42  5:26  Drone x4  
  42  5:27  Zergling x2  
  47  5:35  Baneling x6  
  47  5:40  Zergling x2  
  48  5:49  Drone x2  
  50  5:59  Drone  
  50  6:00  Zergling x2, Overlord  
  50  6:01  Zergling x2  
  50  6:02  Drone x7, Spire  
  59  6:04  Extractor  
  57  6:30  Overlord x3  
  57  6:31  Drone x5  
  57  6:32  Drone x3  
  64  6:39  Extractor  
  59  6:58  Drone x3  
  59  6:59  Drone x4  
  66  7:14  Mutalisk x5  
  76  7:19  Zergling x2  
  76  7:20  Drone x3  
  76  7:21  Drone  
  81  7:40  Extractor, Mutalisk x2  
  81  7:41  Extractor  
  83  7:45  Hatchery  
  83  7:47  Baneling x3  
  83  7:48  Baneling x2  
  82  7:57  Mutalisk  
  77  8:28  Mutalisk x3  
  77  8:30  Drone x3  
  85  8:42  Drone  
  85  8:46  Queen  
  85  8:47  Mutalisk  
  90  8:52  Zerg Flyer Weapons Level 1  
  90  8:53  Infestation Pit  
  89  9:04  Mutalisk x2  
  89  9:06  Overlord x3  
  89  9:07  Overlord x2  
  89  9:08  Drone x4  
  95  9:17  Mutalisk  
  95  9:18  Drone  
  95  9:19  Drone  
  95  9:21  Hatchery  
  95  9:29  Hatchery x2  
  93  9:36  Mutalisk  
  93  9:37  Mutalisk x2  
  93  9:38  Drone x2  
  93  9:39  Drone  
  93  9:40  Hatchery  
  93  9:45  Mutalisk x2  
  95  9:46  Drone x2  
  99  9:56  Hive  
  99  10:04  Drone  
  99  10:05  Drone, Spore Crawler  
  100  10:09  Drone  
  100  10:10  Drone  
  100  10:12  Extractor x2  
  100  10:17  Mutalisk x2  
  100  10:18  Mutalisk  
  106  10:31  Mutalisk x2  
  106  10:32  Drone x4  
  114  10:53  Mutalisk x4  
  114  10:55  Drone x5  
  114  10:56  Drone  
  127  11:04  Mutalisk x2  
  129  11:25  Viper  
  129  11:27  Drone x3  
  129  11:28  Drone x8  
  129  11:43  Overlord, Viper  
  129  11:44  Overlord  
  108  12:10  Overlord x6  
  105  12:19  Drone  
  105  12:20  Drone  
  105  12:21  Drone, Overlord  
  98  12:28  Drone x4, Hatchery  
  98  12:29  Drone x5  
Show
View Real Time Build Order
Export as new Build Order

ShaFaX Zerg - Winner!

Build Orders: Hatch First, Muta Ling Bane, Zergling Baneling 

Get SALT Encoding   

  12  0:01  Drone  
  13  0:16  Drone  
  14  0:22  Extractor  
  14  0:23  Drone  
  15  0:40  Hatchery  
  14  0:50  Extractor  
  14  0:51  Drone  
  14  1:02  Spawning Pool  
  13  1:05  Drone  
  14  1:17  Overlord  
  14  1:40  Drone  
  14  1:41  Drone  
  16  1:52  Metabolic Boost  
  16  1:53  Queen  
  18  2:00  Zergling x2  
  19  2:03  Queen  
  19  2:06  Zergling x2  
  22  2:10  Zergling x2  
  22  2:13  Zergling x2  
  24  2:18  Zergling x2  
  25  2:23  Overlord  
  25  2:29  Zergling x2  
  26  2:41  Zergling x2  
  26  2:43  Zergling x2  
  29  2:44  Zergling x4  
  30  2:56  Drone x2  
  30  2:57  Drone  
  33  2:58  Zergling x2  
  34  3:06  Zergling x2  
  35  3:15  Zergling x2  
  33  3:30  Zergling x8  
  31  3:41  Zergling x2  
  31  3:42  Zergling x8  
  31  3:44  Overlord  
  34  3:55  Overlord, Baneling Nest  
  33  3:57  Drone  
  34  4:13  Zergling x4  
  36  4:24  Drone, Zergling x2  
  38  4:31  Drone x2, Zergling x4  
  38  4:32  Drone, Zergling x4  
  45  4:39  Baneling x4  
  45  4:41  Baneling  
  45  4:42  Baneling  
  45  4:43  Baneling  
  45  4:47  Baneling  
  45  4:57  Zergling x8  
  40  5:14  Zergling x2  
  40  5:15  Zergling x10  
  46  5:27  Drone x4  
  46  5:28  Drone  
  49  5:32  Drone x2  
  51  5:41  Lair  
  51  5:45  Extractor  
  51  5:47  Drone  
  51  5:48  Overlord  
  51  5:53  Baneling  
  51  5:54  Baneling x2  
  51  6:06  Baneling  
  51  6:09  Drone x6  
  51  6:10  Drone  
  58  6:23  Hatchery  
  40  6:40  Drone x6  
  40  6:41  Drone x2  
  48  6:49  Extractor  
  48  6:51  Extractor  
  48  6:54  Drone x4  
  48  6:55  Centrifical Hooks  
  50  7:01  Zergling x2  
  50  7:02  Zergling x2  
  52  7:13  Zergling x8  
  56  7:22  Baneling  
  56  7:23  Baneling x3  
  56  7:26  Overlord  
  56  7:27  Overlord x4  
  56  7:39  Drone, Zergling x4  
  59  7:52  Queen  
  59  7:53  Drone x4, Zergling x2  
  59  7:54  Drone, Zergling x4  
  69  8:01  Spore Crawler  
  69  8:04  Spire  
  67  8:05  Spore Crawler  
  67  8:11  Spore Crawler  
  67  8:12  Drone x2, Spore Crawler  
  66  8:13  Drone x4  
  70  8:30  Drone x3  
  70  8:31  Drone x3  
  75  8:41  Extractor  
  75  8:42  Extractor  
  75  8:43  Queen  
  75  8:44  Queen  
  77  8:51  Overlord x2  
  77  8:54  Pneumatized Carapace  
  77  9:09  Overlord x2  
  77  9:16  Mutalisk x4, Spore Crawler  
  77  9:17  Mutalisk x6  
  78  9:22  Overlord x2  
  96  9:33  Spine Crawler  
  96  9:36  Mutalisk  
  96  9:37  Mutalisk x2  
  100  9:40  Mutalisk  
  102  9:49  Drone x5  
  102  9:50  Drone x2  
  109  9:59  Mutalisk x2  
  109  10:00  Mutalisk  
  115  10:10  Mutalisk  
  117  10:19  Mutalisk x2  
  121  10:27  Zerg Flyer Weapons Level 1  
  119  10:41  Mutalisk  
  121  10:45  Overlord x2  
  121  10:46  Overlord x4  
  117  11:06  Mutalisk x5  
  117  11:07  Mutalisk  
  117  11:19  Mutalisk x2  
  117  11:38  Hatchery  
  117  11:39  Extractor, Spire  
  114  11:41  Extractor  
  99  12:09  Mutalisk x6  
  111  12:17  Drone  
  111  12:18  Drone, Mutalisk  
  111  12:19  Zergling x10  
Show
View Real Time Build Order
Export as new Build Order

Freeman Terran - Winner!

Build Orders:  

Get SALT Encoding   

  12  0:00  SCV  
  13  0:12  SCV  
  14  0:18  Supply Depot  
  14  0:24  SCV  
  15  0:28  Refinery  
  15  0:40  SCV  
  16  0:46  Barracks  
  16  0:53  SCV  
  17  0:57  Refinery  
  17  1:06  SCV  
  18  1:18  SCV  
  20  1:34  Reaper  
  20  1:35  Orbital Command  
  20  1:38  Factory  
  20  2:02  SCV  
  20  2:06  Reaper  
  22  2:18  SCV  
  22  2:22  Supply Depot  
  23  2:30  Command Center  
  23  2:44  SCV, Hellion  
  26  2:51  Supply Depot  
  26  2:56  SCV  
  26  2:58  Barracks Reactor  
  27  3:08  SCV, Hellion  
  30  3:20  SCV  
  31  3:30  Hellion  
  31  3:32  SCV  
  31  3:33  Starport  
  34  3:36  Marine x2  
  32  3:44  SCV  
  32  3:45  Orbital Command  
  31  4:03  Command Center  
  31  4:10  Factory Reactor  
  31  4:11  Starport Reactor  
  31  4:13  Barracks  
  31  4:20  Barracks  
  31  4:26  SCV x2  
  31  4:29  Marine  
  31  4:31  Marine  
  34  4:38  SCV x2, Supply Depot  
  37  4:50  SCV x2  
  37  5:09  SCV x2  
  37  5:11  Barracks Tech Lab x2  
  39  5:15  Orbital Command  
  39  5:16  Barracks  
  39  5:18  Barracks  
  39  5:21  SCV x2  
  39  5:23  Engineering Bay  
  39  5:24  Engineering Bay  
  39  5:25  Medivac  
  39  5:28  Medivac  
  45  5:31  Stimpack  
  45  5:33  SCV x2  
  47  5:36  Combat Shield  
  47  5:43  Marine x3  
  47  5:45  SCV, Marine  
  47  5:49  SCV x2  
  54  5:58  SCV, Terran Infantry Weapons Level 1  
  54  5:59  Terran Infantry Armor Level 1  
  54  6:01  SCV  
  56  6:09  Marine  
  56  6:10  SCV, Marine  
  60  6:14  Barracks Reactor  
  60  6:16  Barracks Reactor  
  59  6:19  Missile Turret  
  59  6:23  Missile Turret  
  59  6:24  SCV  
  60  6:26  SCV  
  60  6:28  Marine x2  
  60  6:29  Orbital Command  
  60  6:31  Marine x2  
  65  6:36  SCV  
  65  6:38  SCV  
  65  6:39  Widow Mine x2  
  71  6:41  Viking x2, Missile Turret  
  71  6:45  Armory  
  71  6:46  Marine  
  76  6:48  SCV  
  76  6:49  Refinery x2  
  77  7:06  Supply Depot  
  77  7:08  Supply Depot  
  77  7:11  Supply Depot  
  77  7:22  Supply Depot  
  77  7:27  SCV, Marine x5, Medivac  
  77  7:29  SCV x2, Marine x3  
  90  7:30  Supply Depot  
  90  7:40  SCV  
  90  7:41  SCV x2  
  93  7:45  Marine x4  
  93  7:47  Marine x4  
  101  7:52  SCV  
  101  7:53  SCV x2  
  104  8:03  Marine x4  
  104  8:04  SCV  
  105  8:05  SCV x2  
  105  8:07  Marine x3  
  105  8:08  Marine  
  108  8:16  SCV  
  106  8:21  Marine x3  
  106  8:22  Marine  
  106  8:25  Marine x4  
  108  8:27  SCV  
  108  8:28  SCV  
  108  8:33  Widow Mine  
  108  8:34  Widow Mine, Medivac x2  
  115  8:36  SCV  
  117  8:47  Supply Depot x2  
  117  8:51  Terran Infantry Armor Level 2, Terran Infantry Weapons Level 2  
  117  8:53  Supply Depot x2  
  117  8:55  Marine x4  
  117  8:56  Widow Mine, SCV x2, Supply Depot  
  117  8:57  Supply Depot  
  125  9:05  Factory, Terran Vehicle Weapons Level 1  
  125  9:08  Marine x4  
  131  9:10  Widow Mine  
  131  9:11  Starport  
  131  9:12  SCV  
  131  9:13  SCV, Marine x4  
  137  9:17  Widow Mine  
  137  9:21  Medivac  
  141  9:26  Marine x4  
  141  9:27  Supply Depot  
  141  9:31  Marine x2  
  145  9:33  Refinery  
  145  9:34  Refinery  
  147  9:39  Marine  
  147  9:40  Marine  
  147  9:44  Marine  
  150  9:51  SCV x2, Marine x2, Missile Turret  
  154  9:56  SCV, Command Center  
  154  9:57  Command Center  
  154  10:00  Marine x5  
  154  10:02  Marine  
  154  10:03  SCV  
  154  10:04  SCV  
  162  10:08  SCV, Marine  
  162  10:09  Marine  
  165  10:18  Marine, Supply Depot x3  
  165  10:20  Supply Depot  
  166  10:22  Factory Tech Lab, Starport Reactor, Barracks  
  166  10:23  Barracks  
  166  10:25  Barracks  
  166  10:29  Marine x3  
  166  10:30  Marine x4  
  166  10:32  Widow Mine x2, Viking  
  166  10:33  Viking  
  181  10:39  Marine  
  182  10:47  Marine x4  
  182  10:48  Marine x2  
  188  10:57  Marine  
  188  10:58  Marine  
  188  11:02  Medivac  
  192  11:05  Marine  
  192  11:06  Marine x4  
  192  11:07  Marine  
  198  11:15  Marine x2  
  196  11:23  Marine  
  196  11:24  Marine x5  
  174  11:33  Marine x2  
  174  11:37  Widow Mine x3  
  174  11:38  Viking, Medivac x3  
  184  11:40  Marine  
  184  11:42  Marine x5  
  190  11:51  Marine x2  
  192  11:58  Widow Mine, Marine  
  192  11:59  Marine x2  
  192  12:00  Marine x3  
  200  12:22  Marine  
Tags
 
Add a new tag
Caveats
  • Supply blocks, unpowered buildings, or Contaminate may cause inaccurate times.
  • Supply counts are checked every 10 seconds.